Map: Cerulean Fall LE

Players

HellraiseR

  • Race: Protoss Protoss
  • League: Master
  • Spawn Location: 7:00

Lambo - Winner!

  • Race: Zerg Zerg
  • League: Grandmaster
  • Spawn Location: 1:00

VOD

Have the link to the VOD?

Description

Time

  • Played on: Dec. 2, 2018, 2:30 p.m.
  • Length: 8:34
Show
View Real Time Build Order
Export as new Build Order

HellraiseR Protoss 

Build Orders: 1 Gate Expand, Oracle Opening, Phoenix Opening, Zealot Archon, Archon Drop 

Get SALT Encoding   

  12  0:00  Probe  
  13  0:12  Probe  
  14  0:19  Pylon  
  14  0:21  Probe  
  15  0:33  Probe  
  15  0:38  Gateway  
  16  0:45  Probe  
  16  0:47  Assimilator  
  17  0:57  Probe  
  18  1:09  Probe  
  19  1:22  Nexus  
  19  1:24  Probe  
  20  1:34  Cybernetics Core  
  20  1:38  Probe  
  21  1:43  Assimilator  
  21  1:50  Probe  
  21  1:52  Pylon  
  22  1:59  Probe  
  22  2:03  Adept  
  22  2:07  Probe  
  26  2:16  Probe  
  27  2:24  Stargate  
  27  2:28  Probe  
  27  2:29  Adept  
  28  2:30  Probe  
  31  2:38  Probe, Warp Gate  
  31  2:40  Probe  
  33  2:48  Probe  
  34  2:52  Probe  
  35  2:59  Phoenix  
  35  3:00  Probe  
  35  3:02  Gateway  
  35  3:04  Probe  
  37  3:12  Probe  
  40  3:13  Pylon  
  40  3:16  Oracle  
  40  3:17  Probe  
  40  3:18  Assimilator  
  41  3:24  Probe  
  45  3:30  Probe  
  45  3:32  Assimilator  
  46  3:36  Probe  
  47  3:42  Probe  
  47  3:45  Robotics Facility  
  48  3:48  Probe  
  48  3:54  Probe  
  50  3:56  Twilight Council  
  50  4:00  Probe  
  51  4:06  Probe  
  51  4:08  Gateway  
  52  4:11  Gateway  
  52  4:21  Warp Prism  
  52  4:22  Gateway  
  52  4:23  Gateway  
  50  4:27  Pylon  
  50  4:32  Charge  
  50  4:34  Templar Archives  
  50  4:38  Probe x2  
  54  4:46  Zealot x2  
  58  4:57  Pylon  
  58  5:06  Nexus  
  58  5:14  Pylon  
  58  5:18  High Templar x4  
  58  5:20  Zealot  
  68  5:22  Archon x2  
  68  5:24  Zealot  
  70  5:32  Probe x2  
  70  5:35  Pylon  
  72  5:38  Pylon  
  72  5:51  Zealot x3  
  72  5:53  Zealot x3  
  72  5:55  Probe  
  85  5:59  Probe  
  86  6:08  Probe, Forge  
  87  6:11  Probe  
  88  6:20  Probe  
  88  6:22  Immortal  
  88  6:23  Probe  
  90  6:26  Probe  
  90  6:32  Probe  
  96  6:36  Probe  
  96  6:37  Forge  
  96  6:38  Probe  
  96  6:39  Protoss Ground Weapons Level 1  
  90  6:44  Probe  
  83  6:48  Probe  
  83  6:50  Probe, High Templar x2, Sentry  
  83  6:51  Zealot x2, Sentry  
  83  6:53  Probe  
  91  6:54  Assimilator  
  91  6:59  Assimilator  
  91  7:00  Probe  
  91  7:01  Probe  
  91  7:02  Probe, Observer  
  94  7:09  Gateway  
  94  7:11  Probe, Gateway  
  94  7:12  Probe  
  94  7:13  Archon  
  96  7:17  Stalker x2  
  96  7:18  Stalker  
  96  7:20  Sentry  
  104  7:23  Stalker  
  104  7:27  Probe, Pylon  
  104  7:28  Probe  
  108  7:32  Shield Battery, Pylon  
  108  7:36  Robotics Bay  
  108  7:43  Immortal  
  108  7:49  Stalker x2  
  116  7:55  Stalker x2  
  116  7:56  Sentry  
  116  7:57  Stalker  
  124  8:00  Pylon  
  120  8:13  Stalker x2  
  120  8:25  Zealot x6  
Show
View Real Time Build Order
Export as new Build Order

Lambo Zerg - Winner!

Build Orders: Hatch First 

Get SALT Encoding   

  12  0:00  Drone  
  13  0:12  Overlord  
  13  0:16  Drone  
  14  0:31  Drone x2  
  16  0:48  Hatchery  
  15  0:51  Drone  
  15  0:55  Drone  
  17  0:59  Drone  
  18  1:09  Extractor  
  17  1:13  Spawning Pool  
  17  1:16  Drone  
  17  1:22  Drone  
  18  1:28  Drone  
  19  1:42  Drone  
  20  1:50  Drone  
  21  2:02  Queen x2  
  21  2:03  Zergling x2, Overlord  
  26  2:13  Drone x2  
  28  2:17  Metabolic Boost  
  28  2:21  Drone  
  30  2:22  Drone  
  30  2:37  Hatchery  
  29  2:38  Drone  
  29  2:41  Drone  
  32  2:44  Drone  
  32  2:48  Queen  
  34  2:55  Overlord  
  34  2:56  Drone  
  35  3:01  Drone  
  36  3:13  Overlord  
  36  3:16  Drone x7  
  43  3:23  Overlord  
  43  3:24  Drone  
  44  3:31  Queen  
  46  3:37  Drone x2  
  48  3:45  Drone x2  
  48  3:46  Zergling x4  
  52  3:49  Queen  
  52  3:50  Spore Crawler  
  52  3:53  Spore Crawler  
  52  3:54  Drone x2  
  54  3:58  Overlord  
  54  3:59  Drone x3  
  54  4:02  Drone  
  58  4:13  Drone  
  58  4:14  Drone  
  58  4:17  Lair  
  58  4:18  Drone x2  
  58  4:21  Roach Warren  
  58  4:23  Drone x3  
  62  4:25  Drone x2  
  62  4:28  Extractor, Overlord  
  62  4:30  Extractor  
  62  4:32  Drone x3  
  62  4:38  Drone  
  66  4:48  Overlord  
  66  4:50  Overlord  
  66  4:52  Overlord  
  68  4:56  Drone x3  
  68  4:59  Drone x3  
  73  5:04  Overlord x2  
  73  5:05  Drone, Evolution Chamber  
  71  5:16  Roach x9  
  71  5:20  Extractor, Glial Reconstitution  
  88  5:22  Extractor  
  88  5:26  Queen  
  89  5:29  Overseer  
  89  5:33  Roach x2  
  93  5:37  Drone x7  
  100  5:46  Hatchery  
  100  5:48  Drone x2  
  100  5:49  Drone x2  
  101  5:51  Drone x2  
  101  5:53  Extractor, Zerg Missile Weapons Level 1  
  101  5:54  Hydralisk Den  
  101  5:55  Drone  
  101  5:56  Drone  
  103  5:57  Overlord  
  103  5:59  Roach x2  
  103  6:01  Roach  
  110  6:05  Roach x2  
  110  6:07  Overlord  
  114  6:13  Overlord  
  114  6:15  Overlord  
  114  6:16  Roach x2  
  114  6:17  Roach  
  120  6:23  Roach  
  120  6:24  Overlord  
  122  6:25  Overlord  
  122  6:31  Roach x5  
  129  6:33  Roach x2  
  129  6:38  Roach x3  
  133  6:44  Grooved Spines  
  133  6:46  Roach  
  129  6:52  Queen  
  129  6:56  Hydralisk x2  
  129  6:59  Overlord  
  133  7:06  Hydralisk x3  
  139  7:10  Hydralisk  
  139  7:13  Hydralisk  
  143  7:19  Zergling x12  
  149  7:27  Hydralisk x3  
  155  7:31  Zergling x6  
  158  7:40  Zergling x6  
  158  7:41  Ravager x3  
  164  7:46  Zergling x6  
  164  7:47  Ravager  
  167  7:52  Zergling x4  
  167  7:56  Ravager  
  169  8:04  Overlord  
  166  8:06  Hatchery, Zergling x6  
  166  8:12  Zergling x16  
Tags
 
Add a new tag
Caveats
  • Supply blocks, unpowered buildings, or Contaminate may cause inaccurate times.
  • Supply counts are checked every 10 seconds.